Map: [ESL] NeoHumanity

Players

Astrea

  • Race: Protoss Protoss
  • Spawn Location: 5:00

Reynor - Winner!

  • Race: Zerg Zerg
  • Spawn Location: 11:00

Event: ESL SC2 Masters 2023 Summer (Finals)

VOD

Have the link to the VOD?

Description

Time

  • Played on: June 16, 2023, 7:18 a.m.
  • Length: 12:15

All games in this series

Show
View Real Time Build Order
Export as new Build Order

Astrea Protoss 

Build Orders: 1 Gate Expand, Oracle Opening 

Get SALT Encoding   

  12  0:00  Probe  
  13  0:12  Probe  
  14  0:17  Pylon  
  14  0:24  Probe  
  14  0:27  Assimilator  
  15  0:36  Probe (Chrono Boost)  
  16  0:42  Gateway  
  16  0:48  Probe (Chrono Boost)  
  17  0:55  Probe (Chrono Boost)  
  18  1:03  Probe  
  19  1:15  Probe  
  20  1:23  Nexus  
  20  1:32  Cybernetics Core  
  20  1:36  Probe  
  21  1:40  Assimilator  
  21  1:48  Probe  
  21  1:50  Pylon  
  22  2:00  Probe (Chrono Boost)  
  23  2:06  Adept (Chrono Boost)  
  23  2:10  Probe (Chrono Boost), Warp Gate  
  23  2:15  Probe (Chrono Boost)  
  26  2:19  Stargate  
  27  2:26  Probe  
  28  2:33  Stalker  
  30  2:37  Probe (Chrono Boost)  
  30  2:44  Probe (Chrono Boost)  
  32  2:48  Probe (Chrono Boost)  
  34  2:52  Probe x2 (Chrono Boost)  
  35  3:00  Oracle (Chrono Boost)  
  35  3:02  Probe  
  35  3:03  Probe  
  40  3:12  Pylon  
  40  3:14  Probe  
  40  3:15  Probe  
  42  3:27  Probe x2  
  43  3:28  Oracle (Chrono Boost)  
  47  3:39  Probe x2  
  47  3:41  Nexus  
  49  3:43  Pylon  
  49  3:51  Probe x2  
  51  4:01  Adept  
  51  4:02  Oracle  
  54  4:03  Probe  
  54  4:04  Probe, Assimilator  
  56  4:11  Pylon  
  56  4:15  Probe  
  56  4:16  Probe, Twilight Council  
  58  4:20  Gateway  
  58  4:22  Gateway  
  58  4:27  Probe  
  58  4:29  Probe  
  60  4:33  Adept  
  60  4:36  Pylon  
  62  4:39  Probe  
  62  4:41  Probe, Gateway  
  62  4:45  Shield Battery  
  64  4:46  Blink (Chrono Boost)  
  64  4:51  Probe  
  65  4:54  Probe x2  
  65  4:58  Stalker  
  69  5:03  Probe  
  69  5:06  Probe  
  70  5:11  Probe  
  71  5:14  Gateway  
  71  5:15  Probe, Gateway  
  71  5:18  Probe  
  73  5:23  Probe  
  73  5:28  Probe  
  73  5:30  Probe, Stalker x3  
  73  5:32  Assimilator  
  73  5:35  Probe  
  79  5:36  Stalker  
  79  5:38  Pylon  
  79  5:40  Probe  
  79  5:42  Probe  
  83  5:47  Probe  
  84  5:53  Stalker x3  
  90  6:03  Pylon  
  90  6:06  Stalker  
  90  6:08  Nexus  
  92  6:11  Pylon  
  92  6:13  Stalker x2  
  92  6:18  Stalker x2  
  100  6:19  Probe  
  100  6:23  Probe  
  102  6:32  Stalker x2  
  106  6:33  Probe x2  
  106  6:35  Charge (Chrono Boost)  
  106  6:36  Probe, Shield Battery  
  109  6:45  Probe x2  
  109  6:46  Forge  
  111  6:47  Forge  
  111  6:48  Probe  
  111  6:53  Stalker x3  
  116  6:56  Stalker  
  117  7:04  Pylon  
  117  7:06  Pylon x2  
  117  7:15  Gateway  
  117  7:18  Pylon  
  117  7:20  Probe x3, Pylon  
  120  7:25  Probe  
  120  7:26  Protoss Ground Armor Level 1 (Chrono Boost), Protoss Ground Weapons Level 1 (Chrono Boost)  
  119  7:30  Stalker x6  
  119  7:32  Probe x3  
  134  7:37  Probe  
  135  7:44  Probe  
  135  7:45  Probe  
  135  7:49  Probe x2  
  137  7:51  Unknown  
  137  7:53  Zealot  
  137  7:54  Zealot x5  
  137  7:55  Photon Cannon  
  137  7:56  Probe  
  137  7:57  Photon Cannon  
  137  7:58  Probe  
  151  8:00  Pylon  
  151  8:01  Assimilator  
  151  8:03  Assimilator  
  151  8:04  Templar Archives  
  151  8:13  Photon Cannon  
  151  8:18  Stalker x5, Photon Cannon  
  161  8:22  Robotics Facility  
  161  8:33  Zealot x2  
  165  8:38  Pylon  
  165  8:40  Gateway  
  165  8:42  Psionic Storm  
  165  8:43  Gateway  
  165  8:44  Pylon  
  165  8:46  Pylon  
  165  8:47  Zealot x4  
  171  8:48  Pylon  
  171  8:57  Shield Battery  
  171  8:59  High Templar x3  
  171  9:01  Photon Cannon  
  171  9:02  Photon Cannon  
  177  9:17  High Templar  
  177  9:22  Nexus  
  177  9:23  Pylon  
  179  9:25  Pylon  
  177  9:35  High Templar x2, Zealot x4  
  177  9:36  Zealot, Protoss Ground Weapons Level 2 (Chrono Boost)  
  191  9:41  Observer  
  192  9:54  Zealot x2  
  189  10:13  Zealot x6  
  191  10:26  Stalker x2  
  168  10:40  Pylon, Zealot x4  
  168  10:41  Void Ray  
  174  10:44  Pylon  
  174  10:46  Immortal  
  172  10:50  Zealot  
  172  10:53  Probe x3  
  172  10:54  Probe  
  174  11:03  Zealot x5  
  134  11:20  Templar Archives  
  134  11:23  Pylon  
  134  11:25  Forge  
  134  11:26  Immortal  
  134  11:27  Zealot x5  
  148  11:42  Zealot x4  
  148  11:50  Zealot x5  
  106  12:09  Zealot x4  
Show
View Real Time Build Order
Export as new Build Order

Reynor Zerg - Winner!

Build Orders: Hatch First, Lurkers 

Get SALT Encoding   

  12  0:01  Drone  
  13  0:12  Overlord  
  13  0:17  Drone  
  14  0:30  Drone x2  
  16  0:49  Hatchery  
  15  0:51  Drone  
  15  0:55  Drone  
  17  0:59  Drone  
  18  1:09  Extractor  
  17  1:14  Spawning Pool  
  17  1:18  Drone  
  17  1:21  Drone  
  18  1:27  Drone  
  19  1:38  Drone  
  20  1:48  Overlord  
  20  2:01  Queen x2, Drone x2  
  26  2:11  Zergling x2  
  26  2:12  Zergling x2  
  28  2:21  Drone  
  29  2:23  Drone  
  29  2:25  Metabolic Boost  
  30  2:33  Drone x2  
  32  2:40  Hatchery  
  31  2:44  Queen  
  31  2:49  Overlord  
  33  2:52  Drone  
  33  2:53  Drone  
  33  2:56  Drone  
  36  3:07  Queen, Drone  
  36  3:09  Overlord  
  36  3:11  Drone  
  40  3:14  Drone  
  40  3:15  Drone  
  42  3:20  Drone  
  42  3:21  Overlord  
  42  3:26  Drone  
  44  3:27  Queen  
  44  3:32  Zergling x2  
  47  3:38  Zergling x2  
  47  3:40  Drone, Zergling x2  
  47  3:41  Drone x2  
  52  3:46  Roach Warren  
  51  3:49  Overlord  
  51  3:51  Queen  
  51  3:54  Drone  
  53  3:55  Drone  
  53  3:57  Drone  
  53  3:58  Drone  
  57  4:03  Drone x2, Evolution Chamber  
  57  4:05  Queen  
  60  4:11  Spore Crawler  
  60  4:13  Spore Crawler  
  60  4:15  Drone x2  
  60  4:17  Drone  
  60  4:18  Drone  
  60  4:22  Spore Crawler  
  60  4:23  Overlord  
  61  4:24  Drone  
  61  4:27  Spore Crawler  
  61  4:29  Drone  
  61  4:30  Drone x2  
  61  4:33  Drone x2  
  61  4:36  Zerg Missile Weapons Level 1  
  61  4:38  Drone  
  64  4:39  Drone  
  64  4:41  Drone  
  64  4:43  Drone  
  64  4:44  Drone  
  68  4:46  Drone  
  68  4:47  Drone  
  70  4:53  Drone, Roach Warren  
  70  4:54  Drone  
  70  4:56  Zergling x2  
  72  5:02  Drone x2, Lair  
  72  5:04  Zergling x2  
  72  5:06  Drone  
  72  5:07  Drone x2  
  76  5:09  Drone  
  76  5:10  Drone  
  76  5:13  Drone  
  79  5:15  Overlord  
  79  5:16  Drone  
  79  5:18  Drone  
  79  5:19  Overlord  
  81  5:25  Drone, Overlord  
  81  5:27  Drone  
  81  5:28  Spore Crawler  
  81  5:29  Drone  
  81  5:31  Extractor  
  81  5:32  Extractor x2  
  81  5:33  Extractor  
  81  5:34  Extractor  
  77  5:38  Hatchery  
  77  5:39  Drone x2  
  77  5:40  Drone  
  77  5:42  Drone x2  
  81  5:44  Drone  
  81  5:45  Drone  
  81  5:46  Drone  
  84  5:50  Overlord  
  84  5:51  Drone x2  
  86  6:03  Zergling x10, Infestation Pit, Glial Reconstitution  
  89  6:06  Roach x2  
  89  6:07  Zergling x2  
  94  6:15  Roach x3, Zergling x8  
  104  6:19  Overlord  
  104  6:22  Roach x2  
  108  6:30  Queen  
  108  6:32  Zerg Missile Weapons Level 2  
  107  6:35  Roach x3  
  107  6:36  Overlord  
  107  6:38  Roach x2  
  117  6:43  Roach  
  117  6:44  Roach, Overlord  
  117  6:46  Overlord  
  121  6:52  Zergling x6  
  121  6:53  Zergling x2  
  121  6:56  Hive  
  122  7:01  Roach x4  
  122  7:06  Roach x2, Zergling x2  
  126  7:12  Drone x6  
  126  7:13  Drone  
  133  7:15  Ravager x2  
  133  7:20  Hydralisk Den  
  130  7:29  Queen, Overlord, Drone x3  
  134  7:30  Drone x2  
  134  7:32  Ravager x2  
  134  7:36  Zergling x14  
  143  7:48  Drone x3  
  143  7:49  Drone x2  
  147  7:52  Extractor x2  
  147  7:54  Hatchery  
  147  7:56  Zergling x8, Lurker Den  
  147  7:58  Ravager x2  
  149  8:01  Drone x3  
  149  8:02  Spore Crawler  
  150  8:14  Adrenal Glands  
  150  8:16  Drone x3, Evolution Chamber  
  150  8:18  Zergling x2  
  150  8:19  Zergling x14  
  160  8:21  Overlord  
  160  8:25  Overlord x3  
  160  8:33  Overlord  
  160  8:38  Overlord  
  160  8:40  Hydralisk x4  
  167  8:43  Hydralisk  
  167  8:45  Hydralisk  
  167  8:47  Zerg Melee Weapons Level 1  
  170  8:51  Overseer  
  170  8:52  Hydralisk x2  
  170  8:53  Seismic Spines  
  170  8:55  Drone x2  
  176  9:00  Drone  
  176  9:02  Nydus Network  
  176  9:06  Lurker x4  
  176  9:07  Hydralisk  
  176  9:08  Zergling x16  
  190  9:11  Lurker x2  
  190  9:13  Zergling x8  
  190  9:14  Zergling x4  
  195  9:34  Unknown  
  194  9:42  Overseer  
  194  9:44  Hydralisk x2, Nydus Canal  
  194  9:45  Zergling x2  
  199  9:50  Hydralisk  
  199  9:51  Zergling x8  
  194  10:02  Hydralisk x2, Adaptive Talons, Overseer  
  194  10:03  Zergling x4  
  198  10:11  Hydralisk  
  198  10:12  Hydralisk, Zergling x2  
  198  10:13  Zergling x10  
  198  10:17  Hydralisk  
  191  10:21  Hydralisk  
  191  10:22  Zergling x16  
  191  10:24  Nydus Canal  
  191  10:26  Zergling x4  
  191  10:27  Lurker x4  
  191  10:28  Zergling x2  
  200  10:34  Lurker x3  
  200  10:35  Spire  
  178  10:37  Zergling x18  
  178  10:40  Hydralisk  
  178  10:41  Zergling x2  
  187  10:44  Hydralisk  
  187  10:46  Zergling x4  
  187  10:50  Hydralisk x2  
  187  10:54  Lurker x2  
  186  10:57  Hydralisk x2  
  186  10:58  Zergling x2  
  186  10:59  Hydralisk  
  186  11:01  Hydralisk  
  186  11:03  Hydralisk  
  186  11:04  Zergling x16  
  179  11:06  Hydralisk, Zergling x4  
  179  11:09  Hydralisk x2, Nydus Canal  
  176  11:12  Zergling x4  
  176  11:17  Zergling x2  
  171  11:19  Lurker x5  
  171  11:20  Zergling x4  
  171  11:21  Zergling x2  
  171  11:24  Zergling x2  
  180  11:28  Zergling x4  
  180  11:32  Hydralisk, Zergling x4  
  183  11:33  Zergling x8  
  183  11:36  Hatchery  
  183  11:37  Lurker x2  
  188  11:41  Nydus Canal  
  188  11:44  Zergling x18  
  188  11:50  Zergling x8  
  180  11:55  Nydus Canal  
  180  11:57  Zergling x4  
Tags
 
Add a new tag
Caveats
  • Supply blocks, unpowered buildings, or Contaminate may cause inaccurate times.
  • Supply counts are checked every 10 seconds.